TOP OF THE 1ST |
Corpus Christi Hooks batting - Pitching for Northwest Arkansas Naturals : RHP Nam Phong
|
Pitching: RHP Nam Phong
|
|
Batting: RHB Edgar Trejo
|
0-0: Called Strike 0-1: Ball 1-1: Ball 2-1: Called Strike 2-2: Strikes out looking
|
Batting: RHB Lamar Thornton
|
0-0: Called Strike 0-1: Ball 1-1: Ball 2-1: Foul Ball, location: 2F 2-2: Ball 3-2: Foul Ball, location: 2F 3-2: Foul Ball, location: 2F 3-2: SINGLE (Flyball, 4D, EV 90.6 MPH)
|
Batting: RHB Elijah Hunter
|
0-0: Called Strike 0-1: Ball Lamar Thornton steals 2nd base 1-1: Called Strike 1-2: Ball 2-2: Ball Passed Ball! Lamar Thornton to third 3-2: Strikes out swinging
|
Batting: RHB Masaru Konno
|
0-0: Foul Ball, location: 2F 0-1: Foul Ball, location: 2F 0-2: Strikes out swinging
|
Top of the 1st over - 0 runs, 1 hit, 0 errors, 1 left on base; Corpus Christi 0 - Northwest Arkansas 0 |
BOTTOM OF THE 1ST |
Northwest Arkansas Naturals batting - Pitching for Corpus Christi Hooks : RHP Willie Jimenez
|
Pitching: RHP Willie Jimenez
|
|
Batting: RHB Chad Sullivan
|
0-0: Ball 1-0: Bunt missed! 1-1: Swinging Strike 1-2: Ground out 6-3 (Groundball, 6, EV 91.2 MPH)
|
Batting: RHB Edwin Ramos
|
0-0: Ball 1-0: Fly out, F3 (Popup, 23F, EV 76.9 MPH)
|
Batting: RHB Phil Hamby
|
0-0: Called Strike 0-1: Foul Ball, location: 2F 0-2: Ball 1-2: Ball 2-2: Ground out 1-3 (Groundball, P, EV 66.2 MPH)
|
Bottom of the 1st over - 0 runs, 0 hits, 0 errors, 0 left on base; Corpus Christi 0 - Northwest Arkansas 0 |
TOP OF THE 2ND |
Corpus Christi Hooks batting - Pitching for Northwest Arkansas Naturals : RHP Nam Phong
|
Batting: RHB Jesus Malave
|
0-0: Ball 1-0: Foul Ball, location: 2F 1-1: Foul Ball, location: 2F 1-2: Strikes out swinging
|
Batting: RHB Alex Campos
|
0-0: Fly out, F9 (Flyball, 9, EV 85.6 MPH)
|
Batting: RHB Juan Mendoza
|
0-0: Ball 1-0: Ball 2-0: Swinging Strike 2-1: Ground out U3 (Groundball, 23, EV 86.9 MPH)
|
Top of the 2nd over - 0 runs, 0 hits, 0 errors, 0 left on base; Corpus Christi 0 - Northwest Arkansas 0 |
BOTTOM OF THE 2ND |
Northwest Arkansas Naturals batting - Pitching for Corpus Christi Hooks : RHP Willie Jimenez
|
Batting: RHB Nick Julien
|
0-0: Ball 1-0: Ball 2-0: Swinging Strike 2-1: Fly out, F9 (Flyball, 9LM, EV 105.0 MPH)
|
Batting: RHB Carlos Almada
|
0-0: Foul Ball, location: 2F 0-1: Ground out 4-3 (Groundball, 4D, EV 97.5 MPH)
|
Batting: RHB Jon Griffin
|
0-0: Called Strike 0-1: Called Strike 0-2: Ball 1-2: Foul Ball, location: 2F 1-2: Strikes out swinging
|
Bottom of the 2nd over - 0 runs, 0 hits, 0 errors, 0 left on base; Corpus Christi 0 - Northwest Arkansas 0 |
TOP OF THE 3RD |
Corpus Christi Hooks batting - Pitching for Northwest Arkansas Naturals : RHP Nam Phong
|
Batting: RHB Dave Gallegos
|
0-0: Foul Ball, location: 2F 0-1: Swinging Strike 0-2: Ball 1-2: Ball 2-2: Strikes out swinging
|
Batting: RHB John Sabean
|
0-0: Ball 1-0: Called Strike 1-1: Foul Ball, location: 2F 1-2: DOUBLE (Line Drive, 9LM, EV 90.0 MPH)
|
Batting: RHB Edgar Trejo
|
0-0: Foul Ball, location: 2F 0-1: Called Strike 0-2: SINGLE (Line Drive, 89S, EV 106.9 MPH) John Sabean to third
|
Batting: RHB Lamar Thornton
|
0-0: Ball Edgar Trejo steals 2nd, throwing error, E2 John Sabean scores Edgar Trejo to third 1-0: Ball 2-0: Called Strike 2-1: Fly out, F7 (Flyball, 7LM, EV 98.8 MPH) Runner from 3rd tags up, SCORES, no throw by LF
|
Batting: RHB Elijah Hunter
|
0-0: Called Strike 0-1: Ground out 5-3 (Groundball, 56, EV 101.2 MPH)
|
Top of the 3rd over - 2 runs, 2 hits, 1 error, 0 left on base; Corpus Christi 2 - Northwest Arkansas 0 |
BOTTOM OF THE 3RD |
Northwest Arkansas Naturals batting - Pitching for Corpus Christi Hooks : RHP Willie Jimenez
|
Batting: RHB Nate De Jongh
|
0-0: Foul Ball, location: 2F 0-1: Ball 1-1: Foul Ball, location: 2F 1-2: DOUBLE (Flyball, 8LXD, EV 98.1 MPH)
|
Batting: RHB Kevin Allen
|
0-0: Called Strike 0-1: Foul Ball, location: 2F 0-2: Ball 1-2: Ball 2-2: Fly out, F6 (Line Drive, 6, EV 65.6 MPH) Lined into DP, 6-4 (Line Drive, 6, EV 65.0 MPH)
|
Batting: RHB Vance Coen
|
0-0: Ball 1-0: Ground out 3-1 (Groundball, 34, EV 91.2 MPH)
|
Bottom of the 3rd over - 0 runs, 1 hit, 0 errors, 0 left on base; Corpus Christi 2 - Northwest Arkansas 0 |
TOP OF THE 4TH |
Corpus Christi Hooks batting - Pitching for Northwest Arkansas Naturals : RHP Nam Phong
|
Batting: RHB Masaru Konno
|
0-0: Ball 1-0: Called Strike 1-1: Called Strike 1-2: Ball 2-2: Foul Ball, location: 2F 2-2: Strikes out swinging
|
Batting: RHB Jesus Malave
|
0-0: Ball 1-0: Ball 2-0: Swinging Strike 2-1: Called Strike 2-2: Ball 3-2: Base on Balls
|
Batting: RHB Alex Campos
|
0-0: Foul Ball, location: 2F 0-1: Called Strike 0-2: Hit by Pitch Jesus Malave to second
|
Batting: RHB Juan Mendoza
|
0-0: Called Strike 0-1: Grounds into double play, 6-4-3 (Groundball, 6, EV 94.4 MPH)
|
Top of the 4th over - 0 runs, 0 hits, 0 errors, 1 left on base; Corpus Christi 2 - Northwest Arkansas 0 |
BOTTOM OF THE 4TH |
Northwest Arkansas Naturals batting - Pitching for Corpus Christi Hooks : RHP Willie Jimenez
|
Batting: RHB Chad Sullivan
|
0-0: Fly out, F8 (Flyball, 8LM, EV 91.2 MPH)
|
Batting: RHB Edwin Ramos
|
0-0: Swinging Strike 0-1: Ball 1-1: Ball 2-1: SINGLE (Groundball, P, EV 86.2 MPH) (infield hit)
|
Batting: RHB Phil Hamby
|
0-0: Ball 1-0: Ball 2-0: Called Strike 2-1: Ball 3-1: Base on Balls Edwin Ramos to second
|
Batting: RHB Nick Julien
|
0-0: Called Strike 0-1: Called Strike 0-2: Ball 1-2: Ball 2-2: SINGLE (Line Drive, 8LS, EV 103.8 MPH) Edwin Ramos to third Phil Hamby to second
|
Batting: RHB Carlos Almada
|
0-0: Called Strike 0-1: Ball 1-1: Ball 2-1: Swinging Strike 2-2: Foul Ball, location: 2F 2-2: Reached on error, E6 (Groundball, 6, EV 81.2 MPH) Edwin Ramos scores Phil Hamby to third Nick Julien to second
|
Batting: RHB Jon Griffin
|
0-0: Foul Ball, location: 2F 0-1: Ball 1-1: SINGLE (Line Drive, 7S, EV 91.2 MPH) Phil Hamby scores Nick Julien to third Carlos Almada to second
|
Batting: RHB Nate De Jongh
|
0-0: Ball 1-0: Called Strike 1-1: Ball 2-1: Ball 3-1: Swinging Strike 3-2: Fly out, F8 (Flyball, 8RS, EV 86.2 MPH)
|
Batting: RHB Kevin Allen
|
0-0: Swinging Strike 0-1: Swinging Strike 0-2: Strikes out swinging
|
Bottom of the 4th over - 2 runs, 3 hits, 1 error, 3 left on base; Corpus Christi 2 - Northwest Arkansas 2 |
TOP OF THE 5TH |
Corpus Christi Hooks batting - Pitching for Northwest Arkansas Naturals : RHP Nam Phong
|
Batting: RHB Dave Gallegos
|
0-0: Foul Ball, location: 2F 0-1: Ball 1-1: Called Strike 1-2: Ball 2-2: SINGLE (Groundball, 4D, EV 97.5 MPH)
|
Batting: RHB John Sabean
|
0-0: SINGLE (Flyball, 8LS, EV 96.9 MPH) Dave Gallegos to second Dave Gallegos to third
|
Batting: RHB Edgar Trejo
|
0-0: Called Strike 0-1: Called Strike 0-2: Strikes out swinging
|
Batting: RHB Lamar Thornton
|
0-0: Ball 1-0: Ball 2-0: Ball 3-0: Base on Balls John Sabean to second
|
Batting: RHB Elijah Hunter
|
0-0: Called Strike 0-1: Foul Ball, location: 2F 0-2: Ball 1-2: Foul Ball, location: 2F 1-2: Strikes out swinging
|
Batting: RHB Masaru Konno
|
0-0: Called Strike 0-1: Swinging Strike 0-2: Ball 1-2: Ball 2-2: Ball 3-2: Fly out, F7 (Flyball, 7D, EV 95.6 MPH)
|
Top of the 5th over - 0 runs, 2 hits, 0 errors, 3 left on base; Corpus Christi 2 - Northwest Arkansas 2 |
BOTTOM OF THE 5TH |
Northwest Arkansas Naturals batting - Pitching for Corpus Christi Hooks : RHP Willie Jimenez
|
Batting: RHB Vance Coen
|
0-0: Ball 1-0: Ball 2-0: Called Strike 2-1: Ball 3-1: Swinging Strike 3-2: Strikes out swinging
|
Batting: RHB Chad Sullivan
|
0-0: Ball 1-0: Ball 2-0: Ball 3-0: Called Strike 3-1: Base on Balls
|
Batting: RHB Edwin Ramos
|
0-0: Called Strike 0-1: Ball 1-1: Ball 2-1: Foul Ball, location: 2F 2-2: Strikes out swinging
|
Batting: RHB Phil Hamby
|
0-0: Ball 1-0: Called Strike 1-1: Called Strike 1-2: Fielders Choice at 2nd, 5-4 (Groundball, 56, EV 99.4 MPH)
|
Bottom of the 5th over - 0 runs, 0 hits, 0 errors, 1 left on base; Corpus Christi 2 - Northwest Arkansas 2 |
TOP OF THE 6TH |
Corpus Christi Hooks batting - Pitching for Northwest Arkansas Naturals : RHP Nam Phong
|
Pitching: RHP Gary Ackerman
|
|
Batting: RHB Jesus Malave
|
0-0: Ball 1-0: Ball 2-0: Ball 3-0: Called Strike 3-1: Base on Balls
|
Batting: RHB Alex Campos
|
0-0: Ball Jesus Malave steals 2nd base 1-0: Ball 2-0: Ball 3-0: Called Strike 3-1: Foul Ball, location: 2F 3-2: Strikes out swinging, 2-3 out at first.
|
Batting: RHB Juan Mendoza
|
0-0: Called Strike 0-1: Swinging Strike 0-2: Ball 1-2: Strikes out swinging
|
Batting: RHB Dave Gallegos
|
0-0: Swinging Strike 0-1: Ground out 4-3 (Groundball, 4, EV 88.1 MPH)
|
Top of the 6th over - 0 runs, 0 hits, 0 errors, 1 left on base; Corpus Christi 2 - Northwest Arkansas 2 |
BOTTOM OF THE 6TH |
Northwest Arkansas Naturals batting - Pitching for Corpus Christi Hooks : RHP Willie Jimenez
|
Batting: RHB Nick Julien
|
0-0: Called Strike 0-1: DOUBLE (Flyball, 89D, EV 94.4 MPH)
|
Batting: RHB Carlos Almada
|
0-0: Foul Ball, location: 2F 0-1: Foul Ball, location: 2F 0-2: Strikes out swinging
|
Batting: RHB Jon Griffin
|
0-0: Swinging Strike 0-1: Ball 1-1: Fly out, F8 (Line Drive, 8LD, EV 95.6 MPH)
|
Batting: RHB Nate De Jongh
|
0-0: Ball 1-0: Called Strike 1-1: Foul Ball, location: 2F 1-2: Foul Ball, location: 2F 1-2: Strikes out swinging
|
Bottom of the 6th over - 0 runs, 1 hit, 0 errors, 1 left on base; Corpus Christi 2 - Northwest Arkansas 2 |
TOP OF THE 7TH |
Corpus Christi Hooks batting - Pitching for Northwest Arkansas Naturals : RHP Gary Ackerman
|
Pitching: LHP Walter Whiteman
|
|
Batting: RHB John Sabean
|
0-0: Called Strike 0-1: Ball 1-1: Called Strike 1-2: Ball 2-2: Strikes out swinging
|
Batting: RHB Edgar Trejo
|
0-0: Swinging Strike 0-1: Foul Ball, location: 2F 0-2: Ball 1-2: Foul Ball, location: 2F 1-2: Foul Ball, location: 2F 1-2: Ball 2-2: Ball 3-2: Strikes out looking
|
Batting: RHB Lamar Thornton
|
0-0: Ball 1-0: SINGLE (Line Drive, 89S, EV 90.0 MPH)
|
Batting: RHB Elijah Hunter
|
0-0: Called Strike 0-1: Ball 1-1: Ball 2-1: Swinging Strike 2-2: Ground out 5-3 (Groundball, 56, EV 100.0 MPH)
|
Top of the 7th over - 0 runs, 1 hit, 0 errors, 1 left on base; Corpus Christi 2 - Northwest Arkansas 2 |
BOTTOM OF THE 7TH |
Northwest Arkansas Naturals batting - Pitching for Corpus Christi Hooks : RHP Willie Jimenez
|
Batting: RHB Kevin Allen
|
0-0: Called Strike 0-1: Ball 1-1: Ball 2-1: Foul Ball, location: 2F 2-2: Ball 3-2: Foul Ball, location: 2F 3-2: Base on Balls
|
Pitching: RHP Alexander Hagan
|
|
Batting: RHB Vance Coen
|
0-0: Ball 1-0: Called Strike 1-1: Foul Ball, location: 2F 1-2: Foul Ball, location: 2F 1-2: Fly out, F7 (Flyball, 78M, EV 88.1 MPH)
|
Batting: RHB Chad Sullivan
|
0-0: Ball 1-0: Foul Ball, location: 2F 1-1: Foul Ball, location: 2F 1-2: Grounds into double play, 4-6-3 (Groundball, 13, EV 91.9 MPH)
|
Bottom of the 7th over - 0 runs, 0 hits, 0 errors, 0 left on base; Corpus Christi 2 - Northwest Arkansas 2 |
TOP OF THE 8TH |
Corpus Christi Hooks batting - Pitching for Northwest Arkansas Naturals : LHP Walter Whiteman
|
Pitching: RHP Josh Rutledge
|
|
Batting: RHB Masaru Konno
|
0-0: SINGLE (Groundball, 25, EV 65.0 MPH) (infield hit)
|
Batting: RHB Jesus Malave
|
0-0: Ball 1-0: Ball Masaru Konno is caught stealing 2nd base 2-4 2-0: Called Strike 2-1: Ball 3-1: Foul Ball, location: 2F 3-2: Foul Ball, location: 2F 3-2: Strikes out looking
|
Batting: RHB Alex Campos
|
0-0: Called Strike 0-1: Swinging Strike 0-2: Strikes out swinging
|
Top of the 8th over - 0 runs, 1 hit, 0 errors, 0 left on base; Corpus Christi 2 - Northwest Arkansas 2 |
BOTTOM OF THE 8TH |
Northwest Arkansas Naturals batting - Pitching for Corpus Christi Hooks : RHP Alexander Hagan
|
Batting: RHB Edwin Ramos
|
0-0: Ball 1-0: Foul Ball, location: 2F 1-1: Fly out, F8 (Flyball, 89D, EV 77.5 MPH)
|
Batting: RHB Phil Hamby
|
0-0: Ball 1-0: Ball 2-0: Ball 3-0: Called Strike 3-1: SINGLE (Flyball, 34D, EV 95.6 MPH)
|
Batting: RHB Nick Julien
|
0-0: Ball 1-0: Ball 2-0: Ball 3-0: Base on Balls Phil Hamby to second
|
Batting: RHB Carlos Almada
|
0-0: Fly out, F8 (Flyball, 8LD, EV 91.9 MPH)
|
Batting: RHB Jon Griffin
|
0-0: Ball 1-0: TRIPLE (Line Drive, 89XD, EV 103.8 MPH) Phil Hamby scores Nick Julien scores
|
Batting: RHB Nate De Jongh
|
0-0: Foul Ball, location: 2F 0-1: Foul Ball, location: 2F 0-2: Foul Ball, location: 2F 0-2: Strikes out swinging
|
Bottom of the 8th over - 2 runs, 2 hits, 0 errors, 1 left on base; Corpus Christi 2 - Northwest Arkansas 4 |
TOP OF THE 9TH |
Corpus Christi Hooks batting - Pitching for Northwest Arkansas Naturals : RHP Josh Rutledge
|
Pitching: RHP Malachi Shelton
|
|
Batting: RHB Juan Mendoza
|
0-0: Called Strike 0-1: Ball 1-1: Foul Ball, location: 2F 1-2: Fly out, F8 (Flyball, 8LD, EV 92.5 MPH)
|
Batting: RHB Dave Gallegos
|
0-0: Swinging Strike 0-1: Called Strike 0-2: Ball 1-2: Foul Ball, location: 2F 1-2: Foul Ball, location: 2F 1-2: Ball 2-2: Ground out 4-3 (Groundball, 34, EV 88.1 MPH)
|
Pitching: RHP Kolenka Leschenya
|
|
Batting: RHB John Sabean
|
0-0: Foul Ball, location: 2F 0-1: Fly out, F8 (Flyball, 8RD, EV 88.8 MPH)
|
Top of the 9th over - 0 runs, 0 hits, 0 errors, 0 left on base; Corpus Christi 2 - Northwest Arkansas 4 |
|